 Dungeon Crawl Stone Soup version 0.27-a0-1065-ge809cff456 (webtiles) character file.

Game seed: 1203443769025836866

900 kae the Insei (level 7, 0/57 HPs)
             Began as a Yellow Draconian Transmuter on Apr 22, 2021.
             Was a Believer of Cheibriados.
             Killed from afar by Blork the orc (6 damage)
             ... with a puff of flame
             ... on level 4 of the Dungeon.
             The game lasted 00:03:55 (6534 turns).

kae the Insei (Yellow Draconian Transmuter)         Turns: 6534, Time: 00:03:55

Health: 0/57       AC:  2    Str: 16    XL:     7   Next: 79%
Magic:  4/12       EV: 21    Int: 19    God:    Cheibriados [**....]
Gold:   75         SH:  0    Dex: 21    Spells: 4/12 levels left

rFire    . . .     SeeInvis .     - Unarmed
rCold    . . .     Faith    .   (shield currently unavailable)
rNeg     . . .     Spirit   .   (armour unavailable)
rPois    x         Reflect  .   (helmet currently unavailable)
rElec    .         Harm     .   (cloak currently unavailable)
rCorr    +         Rampage  .   (gloves currently unavailable)
Will     .....                  (boots currently unavailable)
Stlth    ++........             (no amulet)
HPRegen  0.19/turn              a - ring of resist corrosion
MPRegen  0.13/turn              (no ring)

@: spider-form, very slow
A: venomous fangs, (spit acid), AC +6, tiny, unfitting armour, (cold-blooded),
(acid resistance)
a: End Transformation, Renounce Religion, Bend Time


You were on level 4 of the Dungeon.
You worshipped Cheibriados.
Cheibriados was pleased with you.
You were a venomous arachnid creature.
You visited 1 branch of the dungeon, and saw 5 of its levels.

You collected 220 gold pieces.
You spent 145 gold pieces at shops.

Inventory:

Missiles
 t - a throwing net
Jewellery
 a - a ring of resist corrosion (left front leg)
 r - a +6 ring of strength
 v - a ring of magical power
Wands
 h - a wand of polymorph (3)
 o - a wand of flame (14)
 p - a wand of paralysis (6)
Scrolls
 b - 2 scrolls of teleportation
 e - 6 scrolls of identify
 f - a scroll of fog
 g - 3 scrolls of amnesia {unknown}
 i - a scroll of enchant armour {unknown}
 j - 4 scrolls of noise {unknown}
 k - a scroll of vulnerability {unknown}
 l - a scroll of silence {unknown}
 q - 3 scrolls of immolation {unknown}
Potions
 c - 2 potions of curing
 d - 2 potions of degeneration {unknown}
 m - a potion of invisibility {unknown}
 n - a potion of flight {unknown}
 s - 2 potions of brilliance {unknown}
 u - a potion of cancellation {unknown}


   Skills:
 + Level 3.2 Fighting
 + Level 3.2 Dodging
 * Level 5.1 Unarmed Combat
 + Level 3.3 Spellcasting
 * Level 4.7 Transmutations
 + Level 0.9 Ice Magic
 - Level 2.0 Poison Magic
 + Level 2.6 Invocations


You had 4 spell levels left.
You knew the following spells:

 Your Spells              Type           Power      Damage    Failure   Level
a - Beastly Appendage     Tmut           42%        N/A       8%          1
b - Spider Form           Tmut/Pois      8%         N/A       26%         3
c - Ice Form              Ice/Tmut       13%        N/A       63%         4

Your spell library contained the following spells:

 Spells                   Type           Power      Damage    Failure   Level
 Wereblood                Tmut           21%        N/A       11%         2
 Hydra Form               Tmut           10%        N/A       71%         5


Dungeon Overview and Level Annotations

Branches:
Dungeon (5/15)
 Temple: D:4-7

Altars:
Cheibriados

Shops:
D:3 **(!:

Annotations:
D:2 Grinder
D:3 2 runed translucent doors, ChaosF's ghost, amateur HOHu
D:4 Blork the orc
D:5 Ijyb


Innate Abilities, Weirdness & Mutations

You are a venomous arachnid creature.
You have poisonous fangs.
You are tiny and dextrous.
Your spellcasting is less reliable in this form.
Your armour is entirely melded.
You are incapable of wielding weapons or throwing items.
((You can spit globs of acid.))
((Your golden yellow scales are hard. (AC +6)))
You cannot fit into any form of body armour.
((You are cold-blooded and may be slowed by cold attacks.))
((You are resistant to acid. (rCorr)))


Message History

The orc barely misses you.
Ijyb screams, "Get away!"
There is a stone staircase leading up here.
The orc hits you from afar with a +0 trident.
* * * LOW HITPOINT WARNING * * *
Blork the orc points at you and mumbles some strange words.
The puff of flame hits you.
* * * LOW HITPOINT WARNING * * *
You hear some strange, mumbled words.
A puff of flame appears from out of thin air!
The puff of flame misses you.
You climb upwards.
Reactivating autopickup.
There is a stone staircase leading down here.
You feel better. Blork the orc closely misses you.
You hear some strange, mumbled words.
A puff of flame appears from out of thin air!
Deactivating autopickup; reactivate with Ctrl-A.
The puff of flame misses you.
You feel better. Blork the orc hits you with a +0 mace!
* * * LOW HITPOINT WARNING * * *
Something hits you but does no damage.
Casting: Spider Form (dangerous; 11% risk of failure)
Confirm with . or Enter, or press ? or * to list all spells.
You turn into a venomous arachnid creature.
Blork the orc is no longer moving slowly.
Blork the orc barely misses you. Something closely misses you.
Cheibriados thoroughly appreciates the change of pace.
Reactivating autopickup.
You feel a bit more experienced. Blork the orc barely misses you.
Blork the orc closely misses you.
You barely miss Blork the orc.
Blork the orc is heavily wounded.
Blork the orc hits you with a +0 mace!
* * * LOW HITPOINT WARNING * * *
You bite Blork the orc!
Blork the orc is poisoned.
Blork the orc is severely wounded.
Blork the orc points at you and mumbles some strange words.
The puff of flame hits you.
You die...

........#
........#
..#.#.####
....#....#
####.###.##
...##.##..#
....#.###.##
.(..#.###..#######
)...#...........s#
)..##..........)o#
####.##..........#
##...##..........#
[##...#..........#
..#.#.#÷<.......>#
..#.#..÷.........#
(##.)..[.#########
##[.##[###


You could see Blork the orc (fast, very poisoned).

Vanquished Creatures
  An orc warrior (D:4)
  An ogre (D:4)
  3 phantoms
  A water moccasin skeleton (D:4)
  A hound (D:4)
  An iron imp (D:4)
  4 iguanas
  3 orc wizards
  Natasha (thrice) (D:3)
  A hound zombie (D:4)
  2 adders
  A shadow imp (D:5)
  An adder skeleton (D:4)
  2 worms (D:2)
  3 dart slugs
  8 orcs
  3 ball pythons
  3 endoplasms
  2 giant cockroaches
  8 goblins
  7 hobgoblins
  7 jackals
  2 quokkas
  6 bats
  3 frilled lizards
  9 kobolds
  11 rats
97 creatures vanquished.

Notes
Turn   | Place    | Note
-------+----------+-------------------------------------------
     0 | D:1      | kae the Draconian Transmuter began the quest for the Orb.
     0 | D:1      | Reached XP level 1. HP: 16/16 MP: 3/3
   443 | D:1      | Reached XP level 2. HP: 23/23 MP: 3/5
  1430 | D:1      | Reached XP level 3. HP: 12/28 MP: 3/6
  2202 | D:2      | Found a snail-covered altar of Cheibriados.
  2625 | D:2      | Became a worshipper of Cheibriados the Contemplative
  2688 | D:3      | Learned a level 3 spell: Spider Form
  2692 | D:3      | Found Kegeugas's Book Shop.
  2707 | D:3      | Found Uxeomoun's Distillery.
  2748 | D:3      | Bought a potion of curing for 36 gold pieces
  2770 | D:3      | Noticed Grinder
  2907 | D:3      | Found a large runed translucent door.
  2907 | D:3      | Found a large runed translucent door.
  2907 | D:3      | Noticed ChaosF's ghost (amateur HOHu)
  2950 | D:3      | Noticed Natasha
  2957 | D:3      | Killed Natasha
  2958 | D:3      | Reached XP level 4. HP: 21/36 MP: 3/7
  3050 | D:3      | Noticed Natasha
  3059 | D:3      | Killed Natasha
  3077 | D:3      | Noticed Natasha
  3088 | D:3      | Killed Natasha
  3089 | D:3      | Reached skill level 1 in Poison Magic
  3089 | D:3      | Reached XP level 5. HP: 20/41 MP: 4/8
  3254 | D:3      | Found Qionlepte's Antique Weapon Shop.
  3294 | D:3      | Found Tuanegal's General Store.
  3524 | D:3      | Found Kiemetau's Assorted Antiques.
  3546 | D:3      | Bought a scroll labelled CYPTOPH PIUJOH for 28 gold pieces
  3546 | D:3      | Bought a scroll labelled JIBLAST XEYFU for 28 gold pieces
  3546 | D:3      | Bought a scroll labelled JOXKOUTHR GUTUCYTS for 28 gold
                  | pieces
  3861 | D:4      | Found a snail-covered altar of Cheibriados.
  3861 | D:4      | Noticed a phantom
  3893 | D:3      | Killed a phantom
  3894 | D:3      | Reached skill level 4 in Unarmed Combat
  3894 | D:3      | Reached skill level 1 in Invocations
  4133 | D:4      | Reached * piety under Cheibriados
  4134 | D:4      | Reached XP level 6. HP: 18/48 MP: 6/10
  5047 | D:4      | Noticed an orc warrior
  5072 | D:4      | Killed an orc warrior
  5073 | D:4      | Your scales start taking on a golden yellow colour.
  5073 | D:4      | Reached XP level 7. HP: 7/56 MP: 7/11
  5073 | D:4      | Gained mutation: You are resistant to acid. (rCorr) [Yellow
                  | Draconian growth]
  5465 | D:3      | Bought a cyan potion for 25 gold pieces
  5795 | D:4      | Reached ** piety under Cheibriados
  5983 | D:4      | Learned a level 4 spell: Ice Form
  6023 | D:5      | Entered Level 5 of the Dungeon
  6399 | D:5      | Reached skill level 5 in Unarmed Combat
  6498 | D:5      | Noticed Ijyb
  6505 | D:5      | Noticed Blork the orc
  6534 | D:4      | Killed from afar by Blork the orc

Illustrated notes

Levels and vault maps discovered:
D:1:      lemuel_arrival_hallway, layout_loops_cross, minmay_pentomino_p4
D:2:      layout_basic, basic_altar, amethyst_killhole
D:3:      layout_basic, ebering_ghost_disaster_area, serial_shops, shop_statue,
          shop, nicolae_shop_stone, nicolae_shop_statue_plus, shop,
          uniq_natasha, uniq_grinder
D:4:      layout_rooms, slow_altar_1, minmay_joined_circles
D:5:      layout_loops_cross, zin_angel, st_stairs_9, uniq_ijyb,
          uniq_blork_the_orc

Skill      XL: |  1  2  3  4  5  6  7 |
---------------+----------------------+-----
Dodging        | 2 3 |  3.2
Transmutations | 3 4 |  4.7
Poison Magic   | 1 2 |  2.0
Fighting       | 2 3 |  3.2
Unarmed Combat | 4 5 |  5.1
Invocations    | 1 2 |  2.6
Spellcasting   | 3 |  3.3
Ice Magic      | |  0.9

Action                   |  1- 3 |  4- 6 |  7- 9 || total
-------------------------+-------+-------+-------++-------
Melee: Unarmed           |   146 |   118 |    82 ||   346
       Tailslap          |    15 |     2 |       ||    17
       Kick              |    13 |     7 |       ||    20
       Headbutt          |     9 |     2 |       ||    11
       Punch             |     1 |       |       ||     1
 Cast: Beastly Appendage |    26 |     7 |       ||    33
       Spider Form       |     1 |    15 |     9 ||    25
Invok: Bend Time         |       |       |     3 ||     3
  Use: Potion            |     2 |     3 |     2 ||     7
       Scroll            |     3 |       |       ||     3
 Stab: Sleeping          |     1 |     1 |     1 ||     3
Armor: Skin              |    44 |    18 |     9 ||    71
Dodge: Dodged            |   128 |    84 |    91 ||   303

Table legend: (Time is in decaauts)
 A = Elapsed time spent in this place.
 B = Non-inter-level travel time spent in this place.
 C = Inter-level travel time spent in this place.
 D = Time resting spent in this place.
 E = Time spent auto-exploring this place.
 F = Levels seen in this place.
 G = Mean time per level.
                   A        B        C        D        E       F      G
               +--------+--------+--------+--------+--------+-----+--------+
         Total |   7123 |   6826 |    297 |    245 |   5742 |   5 | 1424.6 |
       Dungeon |   7123 |   6826 |    297 |    245 |   5742 |   5 | 1424.6 |
               +--------+--------+--------+--------+--------+-----+--------+

Top non-repeatable levels by time:
     D:3: 2419 daAuts
     D:4: 1412 daAuts
     D:1: 1406 daAuts
     D:2: 1254 daAuts
     D:5: 629 daAuts
